 Dungeon Crawl Stone Soup version 0.28-a0-630-g0357d9c091 (webtiles) character file.

Game seed: 13358708884925605090

352 Ijustatesigmund the Fighter (level 6, -2/91 HPs)
             Began as a Gnoll Wanderer on Oct 9, 2021.
             Succumbed to Dowan's poison
             ... on level 4 of the Dungeon.
             The game lasted 00:06:35 (3611 turns).

Ijustatesigmund the Fighter (Gnoll Wanderer)        Turns: 3611, Time: 00:06:35

Health: -2/91      AC: 23    Str: 10    XL:     6   Next: 62%
Magic:  8/9        EV:  2    Int: 14    God:
Gold:   123        SH:  0    Dex: 12    Spells: 6/9 levels left

rFire   . . .      SeeInvis .   a - +2 falchion
rCold   . . .      Faith    .   (no shield)
rNeg    . . .      Spirit   .   (armour currently unavailable)
rPois   +          Reflect  .   (helmet currently unavailable)
rElec   .          Harm     .   (cloak currently unavailable)
rCorr   +          Rampage  .   (gloves currently unavailable)
Will    .....      NoTele   +   (boots currently unavailable)
Stlth   ++........              (no amulet)
HPRegen 0.25/turn               e - ring of resist corrosion
MPRegen 0.11/turn               (no ring)

@: lethally poisoned (-2 -> -12), tree-form, attractive
A: stationary, stasis, torment immunity, boosted hp, (fangs 1), strong nose,
distributed training
a: no special abilities


You were on level 4 of the Dungeon.
You were a tree.
You visited 1 branch of the dungeon, and saw 4 of its levels.

You collected 123 gold pieces.

Inventory:

Hand Weapons
 a - a +2 falchion (weapon)
Armour
 b - a +0 ring mail (melded)
 f - a +0 pair of boots (melded)
Jewellery
 e - a ring of resist corrosion (left branch)


   Skills:
 + Level 10.6 Fighting
 + Level 2.0 Short Blades
 + Level 3.3 Long Blades
 + Level 2.0 Axes
 + Level 2.0 Maces & Flails
 + Level 2.0 Polearms
 + Level 2.0 Staves
 + Level 2.0 Slings
 + Level 2.0 Bows
 + Level 2.0 Crossbows
 + Level 2.0 Throwing
 + Level 5.0 Armour
 + Level 2.0 Dodging
 + Level 3.1 Stealth
 + Level 2.0 Shields
 + Level 2.0 Unarmed Combat
 + Level 2.0 Spellcasting
 + Level 1.6 Conjurations
 + Level 1.6 Hexes
 + Level 1.6 Summonings
 + Level 1.6 Necromancy
 + Level 1.6 Translocations
 + Level 1.6 Transmutations
 + Level 1.6 Fire Magic
 + Level 1.6 Ice Magic
 + Level 1.6 Air Magic
 + Level 1.6 Earth Magic
 + Level 1.6 Poison Magic
 + Level 2.2 Invocations
 + Level 3.3 Evocations


You had 6 spell levels left.
You knew the following spells:

 Your Spells              Type           Power      Damage    Failure   Level
a - Apportation           Tloc           12%        N/A       12%         1
b - Blink                 Tloc           N/A        N/A       19%         2

Your spell library contained the following spells:

 Spells                   Type           Power      Damage    Failure   Level
 Summon Small Mammal      Summ           24%        N/A       12%         1
 Dispersal                Tloc           3%         N/A       100%        6
 Monstrous Menagerie      Summ           3%         N/A       100%        7


Dungeon Overview and Level Annotations

Branches:
Dungeon (4/15)
 Temple: D:4-7

Altars:
Ashenzari
Elyvilon
Makhleb
Okawaru
Trog
Uskayaw
Wu Jian

Shops:
D:1 =

Annotations:
D:4 Dowan


Innate Abilities, Weirdness & Mutations

You are a tree.
Your roots penetrate the ground, keeping you stationary.
You cannot be teleported.
You are immune to unholy pain and torment.
Your maximum health is greatly increased.
Your equipment is partially melded.
((You have very sharp teeth.))
Your uncanny sense of smell can sniff out nearby items.
Your experience applies equally to all skills.


Message History

You kill Duvessa!
Dowan screams, "No!
Oh no!"
Dowan seems to find hidden reserves of power!
You feel sick.
Dowan mumbles some strange words.
Dowan blinks!
Dowan is attracted toward you.
Your Short Blades skill increases to level 2!
Your Axes skill increases to level 2!
Your Maces & Flails skill increases to level 2!
Your Polearms skill increases to level 2!
Your Staves skill increases to level 2!
Your Slings skill increases to level 2!
Your Bows skill increases to level 2!
Your Crossbows skill increases to level 2!
Your Throwing skill increases to level 2!
Your Armour skill increases to level 5!
Your Dodging skill increases to level 2!
Your Shields skill increases to level 2!
Your Unarmed Combat skill increases to level 2!
Your Spellcasting skill increases to level 2!
You feel sick. Dowan is attracted toward you.
You closely miss Dowan.
You feel sick. Dowan completely misses you. x2
You hit Dowan but do no damage.
You feel sick. Dowan hits you but does no damage. x2
You hit Dowan.
Dowan is moderately wounded.
You feel sick. Dowan hits you but does no damage. x2
You are lethally poisoned!
You closely miss Dowan.
Dowan is moderately wounded.
* * * LOW HITPOINT WARNING * * *
You feel sick. Dowan hits you but does no damage.
You are more poisoned.
You hit Dowan.
Dowan is heavily wounded.
* * * LOW HITPOINT WARNING * * *
You feel very sick. Dowan hits you but does no damage. x2
You slash Dowan!
Dowan is almost dead.
You die...

....... .. .......
##. .....#. ...
....... ... .......
..# .......##.##
.......)...#
#.....e♣...#
#..........#
#..........#
#........?.##.##
#................ ..
#
#...........######..
.. #...........##
##.# #.#
.####..............
...##..
..............#.....
.....


You could see Dowan (fast).

Vanquished Creatures
  Duvessa (D:4)
  An orc priest (D:3)
  2 orc wizards
  2 gnolls
  4 adders
  An adder skeleton (D:2)
  2 worms (D:2)
  A dart slug (D:2)
  10 orcs
  6 bats
  6 endoplasms
  3 giant cockroaches
  9 hobgoblins
  14 jackals
  8 kobolds
  A quokka (D:1)
  7 ball pythons
  4 goblins
  3 rats
85 creatures vanquished.

Notes
Turn   | Place    | Note
-------+----------+-------------------------------------------
     0 | D:1      | Reached skill level 10 in Fighting
     0 | D:1      | Ijustatesigmund the Gnoll Wanderer began the quest for the
                  | Orb.
     0 | D:1      | Ijustatesigmund set off with the following items: a +2
                  | falchion, a +0 ring mail, a scroll of teleportation
     0 | D:1      | Reached XP level 1. HP: 29/29 MP: 1/1
    40 | D:1      | Reached XP level 2. HP: 29/36 MP: 2/2
   203 | D:1      | Reached XP level 3. HP: 33/42 MP: 3/3
   473 | D:1      | Found Vuel's Jewellery Shop.
   730 | D:1      | Reached skill level 1 in Invocations
  1070 | D:2      | Reached skill level 1 in Short Blades
  1070 | D:2      | Reached skill level 1 in Axes
  1070 | D:2      | Reached skill level 1 in Maces & Flails
  1070 | D:2      | Reached skill level 1 in Polearms
  1070 | D:2      | Reached skill level 1 in Staves
  1070 | D:2      | Reached skill level 1 in Slings
  1070 | D:2      | Reached skill level 1 in Bows
  1070 | D:2      | Reached skill level 1 in Crossbows
  1070 | D:2      | Reached skill level 1 in Throwing
  1070 | D:2      | Reached skill level 1 in Dodging
  1070 | D:2      | Reached skill level 1 in Shields
  1070 | D:2      | Reached skill level 1 in Unarmed Combat
  1070 | D:2      | Reached skill level 1 in Spellcasting
  1110 | D:2      | Reached XP level 4. HP: 29/48 MP: 5/5
  1286 | D:2      | Got the Incunabulum of Companions and the Traveller
  1289 | D:2      | Learned a level 1 spell: Apportation
  1292 | D:2      | Learned a level 2 spell: Blink
  1309 | D:2      | Reached skill level 1 in Conjurations
  1309 | D:2      | Reached skill level 1 in Hexes
  1309 | D:2      | Reached skill level 1 in Summonings
  1309 | D:2      | Reached skill level 1 in Necromancy
  1309 | D:2      | Reached skill level 1 in Translocations
  1309 | D:2      | Reached skill level 1 in Transmutations
  1309 | D:2      | Reached skill level 1 in Fire Magic
  1309 | D:2      | Reached skill level 1 in Ice Magic
  1309 | D:2      | Reached skill level 1 in Air Magic
  1309 | D:2      | Reached skill level 1 in Earth Magic
  1309 | D:2      | Reached skill level 1 in Poison Magic
  2053 | D:3      | Reached XP level 5. HP: 36/54 MP: 6/6
  2233 | D:3      | Found an ornate altar of the Wu Jian Council.
  2729 | D:3      | Found an iron altar of Okawaru.
  2936 | D:3      | Found a bloodstained altar of Trog.
  2939 | D:3      | Found a burning altar of Makhleb.
  2939 | D:3      | Found a white marble altar of Elyvilon.
  2952 | D:3      | Found a hide-covered altar of Uskayaw.
  3043 | D:3      | Found a faded altar of an unknown god.
  3118 | D:3      | Found a broken altar of Ashenzari.
  3283 | D:4      | Reached XP level 6. HP: 55/61 MP: 8/8
  3581 | D:4      | Noticed Duvessa
  3581 | D:4      | Noticed Dowan
  3604 | D:4      | Killed Duvessa
  3605 | D:4      | Reached skill level 5 in Armour
  3609 | D:4      | HP: 4/91 [poisoned by Dowan]
  3610 | D:4      | HP: 1/91 [poisoned by Dowan]
  3611 | D:4      | Succumbed to Dowan's poison

Illustrated notes

Levels and vault maps discovered:
D:1:      ebering_hopf_link, layout_basic, serial_shops, shop, serial_curves,
          eino_curves_04, eino_curves_03, kennysheep_another_room
D:2:      layout_basic, chequers_decorated_corner
D:3:      layout_loops_ring, nicolae_overflow_crystal_walls,
          okawaru_altar_gauntlet_db, minmay_overflow_temple_star_hex,
          ebering_ecumenical_altar_ruins, chequers_serial_rivers_micro_e
D:4:      layout_rooms, minmay_temple_entry_crystal_x, portal_sewer_entry_d,
          uniq_duvessa

Skill      XL: |  1  2  3  4  5  6 |
---------------+-------------------+-----
Fighting       | | 10.6
Invocations    | 1 2 |  2.2
Short Blades   | 1 2 |  2.0
Axes           | 1 2 |  2.0
Maces & Flails | 1 2 |  2.0
Polearms       | 1 2 |  2.0
Staves         | 1 2 |  2.0
Slings         | 1 2 |  2.0
Bows           | 1 2 |  2.0
Crossbows      | 1 2 |  2.0
Throwing       | 1 2 |  2.0
Dodging        | 1 2 |  2.0
Shields        | 1 2 |  2.0
Unarmed Combat | 1 2 |  2.0
Spellcasting   | 1 2 |  2.0
Conjurations   | 1 |  1.6
Hexes          | 1 |  1.6
Summonings     | 1 |  1.6
Necromancy     | 1 |  1.6
Translocations | 1 |  1.6
Transmutations | 1 |  1.6
Fire Magic     | 1 |  1.6
Ice Magic      | 1 |  1.6
Air Magic      | 1 |  1.6
Earth Magic    | 1 |  1.6
Poison Magic   | 1 |  1.6
Long Blades    | 3 |  3.3
Evocations     | 3 |  3.3
Stealth        | 3 |  3.1
Armour         | 5 |  5.0

Action                   |  1- 3 |  4- 6 || total
-------------------------+-------+-------++-------
Melee: Falchion          |    97 |   171 ||   268
       Bite              |     7 |     9 ||    16
  Use: Scroll            |     2 |     4 ||     6
       Potion            |       |     4 ||     4
 Stab: Sleeping          |     2 |     1 ||     3
Armor: Ring mail         |    50 |    86 ||   136
       Skin              |       |    16 ||    16
Dodge: Dodged            |    61 |   105 ||   166

Table legend: (Time is in decaauts)
 A = Elapsed time spent in this place.
 B = Non-inter-level travel time spent in this place.
 C = Inter-level travel time spent in this place.
 D = Time resting spent in this place.
 E = Time spent auto-exploring this place.
 F = Levels seen in this place.
 G = Mean time per level.
                   A        B        C        D        E       F      G
               +--------+--------+--------+--------+--------+-----+--------+
         Total |   3653 |   3468 |    185 |    402 |   2341 |   4 |  913.2 |
       Dungeon |   3653 |   3468 |    185 |    402 |   2341 |   4 |  913.2 |
               +--------+--------+--------+--------+--------+-----+--------+

Top non-repeatable levels by time:
     D:3: 1330 daAuts
     D:1: 1007 daAuts
     D:2: 974 daAuts
     D:4: 340 daAuts
